 Dungeon Crawl Stone Soup version 0.16-b1 (webtiles) character file.

70 Fluffy the Charmwright (level 4, 0/30 HPs)
             Began as a High Elf Skald on Mar 13, 2015.
             Slain by a hobgoblin
             ... wielding a +0 club
              (5 damage)
             ... on level 2 of the Dungeon.
             The game lasted 00:07:02 (1728 turns).

Fluffy the Charmwright (High Elf Skald)             Turns: 1728, Time: 00:07:02

Health: 0/30       AC:  4    Str: 11    XL:     4   Next: 3%
Magic:  10/12      EV: 12    Int: 16    God:
Gold:   112        SH:  0    Dex: 15    Spells: 3 memorised, 4 levels left

rFire  . . .     SeeInvis .     a - +0 falchion
rCold  . . .     Clarity  .     b - +0 leather armour
rNeg   . . .     SustAb   .     (no shield)
rPois  .         Gourm    .     (no helmet)
rElec  .         Spirit   .     m - +0 cloak
rCorr  .         Warding  .     (no gloves)
rMut   .         Stasis   .     (no boots)
MR     .....                    (no amulet)
Stlth  +.........               (no ring)
                                (no ring)

@: infused, not resistant to hostile enchantments, very unstealthy
A: no striking features
a: no special abilities


You were on level 2 of the Dungeon.
You were not hungry.

You visited 1 branch of the dungeon, and saw 2 of its levels.

You collected 112 gold pieces.

Inventory:

Hand weapons
 a - a +0 falchion (weapon)
Armour
 b - a +0 leather armour (worn)
 m - a +0 cloak (worn)
Scrolls
 e - a scroll of identify {unknown}
 g - a scroll of fog {unknown}
 h - 2 scrolls of remove curse {unknown}
 j - a scroll of magic mapping {unknown}
 l - 2 scrolls of teleportation {unknown}
Potions
 i - a potion of might {unknown}
 k - 2 potions of agility {unknown}
 n - a potion of poison {unknown}
Books
 c - a book of Battle

   Spells                             Type                      Level
   a - Infusion                       Charms                       1
   b - Shroud of Golubria             Charms/Translocation         2
   c - Song of Slaying                Charms                       2
   d - Spectral Weapon                Hexes/Charms                 3
   e - Regeneration                   Charms/Necromancy            3
Comestibles
 d - 4 bread rations
 f - a meat ration


   Skills:
 + Level 2.6 Fighting
 + Level 2.8 Long Blades
 - Level 0.8 Armour
 + Level 2.1 Dodging
 + Level 3.0 Spellcasting
 + Level 4.1 Charms
 + Level 0.9 Translocations


You had 4 spell levels left.
You knew the following spells:

 Your Spells              Type           Power        Failure   Level  Hunger
a - Infusion              Chrm           ###...       6%          1    #......
b - Song of Slaying       Chrm           ###.....     10%         2    ##.....
c - Shroud of Golubria    Chrm/Tloc      ##........   14%         2    ##.....


Dungeon Overview and Level Annotations

Branches:
Dungeon (2/15)

Altars:
Nemelex Xobeh

Annotations:
D:2 Robin


Message History

Robin roars a battlecry!
The goblin goes into a battle-frenzy!
Robin closely misses you.
The hobgoblin moves out of view.
The goblin misses you. The hobgoblin closely misses you.
Casting: Song of Slaying
Confirm with . or Enter, or press ? or * to list all spells.
You begin infusing your attacks with magical energy.
Robin hits you with a spear. The goblin barely misses you.
The hobgoblin hits you with a club.
You slash the goblin!
You kill the goblin!
Robin barely misses you. The hobgoblin closely misses you.
Robin throws the goblin at you! The goblin hits you.
Items here: ))))) ††† You closely miss the goblin.
Robin hits you from afar with a spear.
* * * LOW HITPOINT WARNING * * *
The goblin hits you.
* * * LOW HITPOINT WARNING * * *
The hobgoblin hits you with a club.
You die...

....# #..... ....# #...... ....#
####....... .#### ..#........ .#
##.......... .### .........
.#.######### #....# ##
...........#######g..## .#
##.#######.....g@g....##.#
##.#################...#.#
##.(....###### #...#.#
.†...........# #.....###.g..
.########.##.#.......#..gg....gg
.########.# ..#######.#.......g
.......##.###### #.#..##...
.......##......### #....# ..
.......##.......... ......


You could see Robin, a hobgoblin (frenzied) and a goblin (frenzied).

Vanquished Creatures
  An adder (D:2)
  A giant mite (D:1)
  2 giant geckos
  2 oozes
  4 bats (D:1)
  7 hobgoblins
  8 kobolds (D:1)
  3 ball pythons (D:1)
  4 giant newts
  15 goblins
  5 rats
52 creatures vanquished.

Notes
Turn   | Place    | Note
--------------------------------------------------------------
     0 | D:1      | Fluffy, the High Elf Skald, began the quest for the Orb.
     0 | D:1      | Reached XP level 1. HP: 14/14 MP: 4/4
   198 | D:1      | Reached XP level 2. HP: 19/19 MP: 6/6
   355 | D:1      | Learned a level 2 spell: Song of Slaying
   358 | D:1      | Learned a level 2 spell: Shroud of Golubria
   697 | D:1      | Reached XP level 3. HP: 21/25 MP: 4/8
  1577 | D:2      | Found a sparkling altar of Nemelex Xobeh.
  1663 | D:2      | Reached skill level 4 in Charms
  1687 | D:2      | Noticed Robin
  1716 | D:2      | Reached XP level 4. HP: 28/30 MP: 11/11
  1728 | D:2      | Slain by a hobgoblin

Action                   |  1- 3 |  4- 6 || total
-------------------------+-------+-------++-------
Melee: Falchion          |   130 |     8 ||   138
 Cast: Infusion          |    15 |     1 ||    16
       Song of Slaying   |     2 |       ||     2
  Eat: Chunk             |     3 |       ||     3
